 Dungeon Crawl Stone Soup version 0.32-a0-705-g60f233581c (webtiles) character file.

Game seed: 15752254079985210250

679 ezpacito the Trooper (level 7, -1/55 HPs)
             Began as a Coglin Chaos Knight on Mar 14, 2024.
             Was a Plaything of Xom.
             Slain by a killer bee (5 damage)
             ... on level 4 of the Dungeon.
             The game lasted 00:06:16 (3396 turns).

ezpacito the Trooper (Coglin Chaos Knight)          Turns: 3396, Time: 00:06:17

Health: -1/55      AC: 10    Str: 22    XL:     7   Next: 60%
Magic:  9/9        EV:  8    Int:  9    God:    Xom [.*....]
Gold:   186        SH:  0    Dex: 12    Spells: 8/8 levels left

rFire   + . .        a - +0 hand axe (chaos) {Qiuyue}
rCold   . . .        l - +7 dagger "Seczeimn" {drain, Fly rCorr}
rNeg    . . .        w - +1 chain mail
rPois   .            i - +0 helmet
rElec   .            (no cloak)
rCorr   +            d - +0 pair of gloves
SInv    .            (no boots)
Will    .....        (amulet unavailable) Stlth
                     (ring unavailable)
HPRegen 0.29/turn    (ring unavailable)
MPRegen 0.11/turn    (no gizmo)

%: no passive effects
@: about to teleport, flying, revving
A: off-hand wielding, slow wielding, warmup strikes, no jewellery, iridescent
scales 1, deformed body, fire resistance 1, strong 2
a: Invent Gizmo, Renounce Religion


You were on level 4 of the Dungeon.
You worshipped Xom.
You were a plaything of Xom.
You visited 1 branch of the dungeon, and saw 5 of its levels.

You collected 301 gold pieces.
You spent 115 gold pieces at shops.

Inventory:

Hand Weapons
 a - a +0 hand axe of chaos (weapon) {Qiuyue}
 b - a +0 spear
 l - the +7 dagger "Seczeimn" (offhand) {drain, Fly rCorr}
   (You found it on level 2 of the Dungeon)

   Fly:       It grants you flight.
   rCorr:     It protects you from acid and corrosion.
 x - a +2 falchion of holy wrath
 B - a +0 war axe of draining
Missiles
 c - 4 javelins (quivered)
Armour
 d - a +0 pair of gloves (worn)
 i - a +0 helmet (worn)
 s - a +0 hat
 w - a +1 chain mail (worn)
Wands
 r - a wand of flame (9)
 A - a wand of iceblast (9)
Scrolls
 e - a scroll of revelation {unknown}
 j - a scroll of amnesia {unknown}
 k - 2 scrolls of vulnerability
 p - a scroll of immolation
 u - a scroll of identify {unknown}
 z - a scroll of brand weapon
 C - a scroll of fear {unknown}
Potions
 f - a potion of magic {unknown}
 h - a potion of haste


   Skills:
 * Level 4.4 Fighting
 * Level 4.4(4.8) Axes
 * Level 2.5(3.6) Polearms
 * Level 3.3 Armour
 * Level 2.7 Dodging
 + Level 1.6 Stealth
 + Level 1.4 Spellcasting
 + Level 2.2 Evocations


You had 8 spell levels left.
You didn't know any spells.
Your spell library contained the following spells:

 Spells                   Type           Power      Damage    Failure   Level
 Vhi's Electric Charge    Tloc/Air       0%         N/A       100%        4
 Arcjolt                  Conj/Air       0%         1d10      100%        5
 Plasma Beam              Fire/Air       0%         2x1d10    100%        6


Dungeon Overview and Level Annotations

Branches:
Dungeon (5/15)
 Temple: D:4-7

Altars:
Hepliaklqana
Kikubaaqudgha
Okawaru
Vehumet
Yredelemnul

Shops:
D:3 *

Annotations:
D:4 3 runed translucent doors, ShinQuickMan's ghost, novice DECj


Innate Abilities, Weirdness & Mutations

You can wield a second weapon in your off-hand.
It takes a long time for you to wield or remove held weapons.
Your first few attacks do less damage.
You cannot equip rings or amulets.
You are partially covered in iridescent scales. (AC +2)
Armour fits poorly on your strangely shaped body.
Your flesh is heat resistant. (rF+)
Your muscles are very strong. (Str +8, Int/Dex -2)


Message History

You miss the killer bee with your +0 hand axe of chaos.
You closely miss the killer bee with your +0 hand axe of chaos.
You hit the killer bee but do no damage.
You miss the killer bee with your +0 hand axe of chaos.
You closely miss the killer bee with the +7 dagger "Seczeimn".
You feel very sick.
The killer bee stings you but does no damage.
The killer bee barely misses you. The killer bee stings you.
The killer bee barely misses you. The killer bee closely misses you.
The killer bee stings you. The killer bee completely misses you.
The killer bee stings you. The killer bee barely misses you.
The killer bee stings you.
You take 17 damage, and have 21/55 hp.
MASSIVE DAMAGE!!
You feel sick. The killer bee closely misses you. x2
The killer bee stings you but does no damage.
The killer bee barely misses you.
The killer bee stings you but does no damage.
The killer bee barely misses you.
The killer bee stings you but does no damage.
The killer bee stings you.
You fly upwards.
Level annotation: 3 runed translucent doors, ShinQuickMan's ghost, novice DECj You feel sick.
There is a stone staircase leading down, spattered with blood here.
You take 3 damage, and have 18/55 hp.
You feel better. The killer bee closely misses you.
The killer bee barely misses you. The killer bee stings you. x2
The killer bee completely misses you. The killer bee closely misses you.
The killer bee stings you.
* * * LOW HITPOINT WARNING * * *
The killer bee stings you but does no damage.
You take 2 damage, and have 16/55 hp.
As you read the scroll of teleportation, it crumbles to dust.
You feel strangely unstable. The killer bee stings you.
* * * LOW HITPOINT WARNING * * *
The killer bee stings you!
* * * LOW HITPOINT WARNING * * *
The killer bee barely misses you. The killer bee stings you.
You die...
Xom roars with laughter!

#### #..### #### #....#####..###
# ##.....##.....# #
#..........### ##
###.....#..###.# .#
#...yy..#......## .#
##########.y@y..........##### .#
##..##..####..)...####.....#.# .#
#...#....####..รท....#........#
.# #.....##..###.)...............
.###.....##..............#.......
###..##..##............###......#
###....#.##.............##.......
##.......#.KK..............##.#.#
...........#................#####


You could see 4 killer bees.

Vanquished Creatures
  An ice beast (D:4)
  An ogre (D:4)
  A wolf (shapeshifter) (D:4)
  A phantom (D:4)
  A killer bee (D:4)
  2 hounds (D:4)
  Terence (D:3)
  3 gnolls (D:4)
  9 adders
  2 ufetubi (D:4)
  2 adder zombies (D:4)
  2 dart slugs
  3 ribbon worms
  2 orcs (D:4)
  6 ball pythons
  9 endoplasms
  5 goblins
  11 hobgoblins
  3 quokkas
  9 bats
  2 frilled lizards
  9 kobolds
  3 rats
88 creatures vanquished.

Notes
Turn   | Place    | Note
-------+----------+-------------------------------------------
     0 | D:1      | ezpacito the Coglin Chaos Knight began the quest for the
                  | Orb.
     0 | D:1      | Reached XP level 1. HP: 18/18 MP: 1/1
   123 | D:1      | XOM: divination: magic mapping
   126 | D:1      | Reached skill level 1 in Dodging
   134 | D:1      | You fall into a shaft and drop 1 floor!
   166 | D:1      | Reached XP level 2. HP: 24/24 MP: 2/2
   332 | D:1      | XOM: silly message
   593 | D:1      | XOM: silly message
   787 | D:1      | Reached XP level 3. HP: 27/29 MP: 3/3
   881 | D:1      | Found a faded altar of an unknown god.
  1056 | D:2      | Found an ancient bone altar of Kikubaaqudgha.
  1197 | D:2      | Reached skill level 1 in Polearms
  1203 | D:2      | Identified the +7 dagger "Seczeimn" {drain, Fly rCorr}
  1342 | D:2      | XOM: divination: detect items
  1348 | D:2      | Reached XP level 4. HP: 35/35 MP: 4/4
  1670 | D:3      | XOM: silly message
  1800 | D:3      | Found an iron altar of Okawaru.
  1802 | D:3      | Found Utiehef's Assorted Antiques.
  1810 | D:3      | Bought a wooden wand for 92 gold pieces
  1810 | D:3      | Bought a scroll labelled IHESUUQE UKHIM for 23 gold pieces
  2096 | D:3      | XOM: silly message
  2217 | D:3      | Noticed Terence
  2222 | D:3      | Killed Terence
  2223 | D:3      | Reached XP level 5. HP: 29/41 MP: 6/6
  2513 | D:4      | Reached skill level 1 in Stealth
  2513 | D:4      | Reached skill level 1 in Spellcasting
  2513 | D:4      | Reached skill level 1 in Evocations
  2573 | D:4      | XOM: give mutations
  2573 | D:4      | Gained mutation: You are strong-willed. (Will+) [Xom's
                  | grace]
  2573 | D:4      | Gained mutation: Your muscles are strong. (Str +4, Int/Dex
                  | -1) [Xom's grace]
  2573 | D:4      | Gained mutation: Your muscles are very strong. (Str +8,
                  | Int/Dex -2) [Xom's grace]
  2583 | D:4      | XOM: give mutations
  2583 | D:4      | Gained mutation: Armour fits poorly on your strangely
                  | shaped body. [Xom's mischief]
  2583 | D:4      | Gained mutation: Your mind is acute. (Int +4, Str/Dex -1)
                  | [Xom's mischief]
  2583 | D:4      | Lost mutation: You are strong-willed. (Will+) [Xom's
                  | mischief]
  2583 | D:4      | Gained mutation: You are agile. (Dex +4, Str/Int -1) [Xom's
                  | mischief]
  2630 | D:4      | Found a radiant altar of Vehumet.
  2635 | D:4      | Reached XP level 6. HP: 48/48 MP: 7/7
  2658 | D:4      | Found a hazy altar of Hepliaklqana.
  2729 | D:4      | Found a runed translucent gate.
  2729 | D:4      | Found a runed translucent gate.
  2729 | D:4      | Found a runed translucent gate.
  2729 | D:4      | Noticed ShinQuickMan's ghost (novice DECj)
  2731 | D:4      | Found a basalt altar of Yredelemnul.
  2804 | D:4      | XOM: potion effect (brilliance)
  2862 | D:4      | a scorpion changed into a shapeshifter
  2862 | D:4      | Noticed a shapeshifter (shapeshifter)
  2862 | D:4      | XOM: polymorph scorpion -> shapeshifter
  2862 | D:4      | a shapeshifter changed into a wolf
  2922 | D:4      | XOM: noise
  2933 | D:4      | Reached XP level 7. HP: 51/54 MP: 8/8
  2947 | D:4      | Lost mutation: You are agile. (Dex +4, Str/Int -1) [potion
                  | of mutation]
  2947 | D:4      | Lost mutation: Your mind is acute. (Int +4, Str/Dex -1)
                  | [potion of mutation]
  2947 | D:4      | Lost mutation: Your muscles are very strong. (Str +8,
                  | Int/Dex -2) [potion of mutation]
  2947 | D:4      | Gained mutation: You are partially covered in iridescent
                  | scales. (AC +2) [potion of mutation]
  2947 | D:4      | Gained mutation: Your muscles are very strong. (Str +8,
                  | Int/Dex -2) [potion of mutation]
  2947 | D:4      | Gained mutation: Your flesh is heat resistant. (rF+)
                  | [potion of mutation]
  2951 | D:4      | XOM: cleaving
  3322 | D:4      | XOM: scenery: 1 doors close
  3382 | D:5      | Entered Level 5 of the Dungeon
  3396 | D:4      | Slain by a killer bee

Illustrated notes

Levels and vault maps discovered:
D:1:      dpeg_arrival_snail, layout_basic,
          shapermc_ecumenical_altar_mp_urbaneastern, serial_bayou_pond_d
D:2:      layout_loops_ring, basic_altar
D:3:      kennysheep_six_static_rooms, layout_loops_ring,
          mainiacjoe_overflow_tiny_flanked, serial_shops, shop, uniq_terence
D:4:      layout_cave_pools, nicolae_yredelemnul_ghost_church,
          old_standard_altar, lemuel_crystal_altar, nzn_random_ring
D:5:      layout_basic, makhleb_altar_promises_db, minmay_temple_entry_ruins,
          minivault_14

Skill      XL: |  1  2  3  4  5  6  7 |
---------------+----------------------+-----
Dodging        | 1 2 |  2.7
Armour         | 2 3 |  3.3
Polearms       | 1 2 |  2.5
Stealth        | 1 |  1.6
Spellcasting   | 1 |  1.4
Evocations     | 1 2 |  2.2
Fighting       | 4 |  4.4
Axes           | 4 |  4.4

Action                     |  1- 3 |  4- 6 |  7- 9 || total
---------------------------+-------+-------+-------++-------
  Melee: Hand axe          |    61 |    75 |    16 ||   152
         Dagger            |    53 |    80 |    16 ||   149
    Use: Scroll            |       |     1 |     8 ||     9
         Potion            |       |       |     7 ||     7
   Stab: Sleeping          |       |     1 |       ||     1
         Confused          |       |       |     1 ||     1
 Armour: Leather armour    |    39 |    22 |       ||    61
         Chain mail        |       |    36 |    31 ||    67
         Skin              |       |       |     6 ||     6
  Dodge: Dodged            |    28 |    38 |    23 ||    89

Table legend: (Time is in decaauts)
 A = Elapsed time spent in this place.
 B = Non-inter-level travel time spent in this place.
 C = Inter-level travel time spent in this place.
 D = Time resting spent in this place.
 E = Time spent auto-exploring this place.
 F = Levels seen in this place.
 G = Mean time per level.
                   A        B        C        D        E       F      G
               +--------+--------+--------+--------+--------+-----+--------+
         Total |   3401 |   3295 |    106 |     41 |   2656 |   5 |  680.2 |
       Dungeon |   3401 |   3295 |    106 |     41 |   2656 |   5 |  680.2 |
               +--------+--------+--------+--------+--------+-----+--------+

Top non-repeatable levels by time:
     D:4: 1080 daAuts
     D:1: 895 daAuts
     D:2: 709 daAuts
     D:3: 709 daAuts
     D:5: 7 daAuts
